AoeStats
← Knoppix

Arabia

504496354Analyzed
1v1 RM · 28d ago on Sep 5, 2026· 44m 39s· 2 players
Game mode
Random Map
Map size
Tiny (2 player)
Population
200
Speed
Normal
Resources
Standard
Victory
Conquest
Starting age
Dark Age
Ending age
Imperial Age
RankedLock teamsTeams togetherTeam positionsShared explorationLock speedFull tech treeHidden civsTurbo modeCheats
Victory
Defeat
🇩🇪 Vietnamese · Germany
793
+17
🇨🇿 Cumans · Czechia
819
-17
Knoppix
3:18 Loom
11:50 Feudal Age
13:23 Double-Bit Axe
23:11 Horse Collar
23:25 Fletching
23:36 Padded Archer Armor
27:05 Scale Mail Armor
27:11 Scale Barding Armor
32:30 Castle Age
33:25 Thumb Ring
32:53 Crossbowman
33:32 Bodkin Arrow
33:53 Leather Archer Armor
33:22 Elite Skirmisher
38:15 Husbandry
38:32 Bloodlines
38:41 Gold Mining
39:01 Pikeman
41:07 Chain Mail Armor
41:13 Chain Barding Armor
/Shake/
7:00 Loom
9:56 Feudal Age
16:14 Wheelbarrow
29:57 Double-Bit Axe
32:01 Bloodlines
32:28 Padded Archer Armor
33:16 Horse Collar
37:10 Castle Age
35:32 Fletching
35:41 Gold Mining
40:51 Scale Barding Armor
44:47 Gold Shaft Mining
Connection lost

Rejoining the realm…

Still unreachable

The connection could not be restored.

Session expired

The server has moved on; the page needs a fresh start.